Map: Disco Bloodbath LE

Players

Serral - Winner!

  • Race: Zerg Zerg
  • Spawn Location: 9:00

Reynor

  • Race: Zerg Zerg
  • Spawn Location: 3:00

VOD

Have the link to the VOD?

Description

Time

  • Played on: Sept. 8, 2019, 5:52 p.m.
  • Length: 8:36
Show
View Real Time Build Order
Export as new Build Order

Serral Zerg - Winner!

Build Orders: Hatch First 

Get SALT Encoding   

  12  0:00  Drone  
  13  0:13  Overlord  
  13  0:16  Drone  
  14  0:31  Drone x2  
  16  0:47  Hatchery  
  15  0:51  Drone  
  15  0:54  Drone  
  17  0:57  Drone  
  18  1:08  Extractor  
  17  1:13  Spawning Pool  
  17  1:15  Drone  
  17  1:19  Drone  
  18  1:29  Drone  
  19  1:39  Drone  
  20  1:52  Overlord  
  20  2:00  Zergling x2, Queen x2  
  20  2:01  Zergling x2  
  26  2:08  Metabolic Boost  
  26  2:11  Drone x2  
  28  2:22  Drone x2  
  30  2:33  Hatchery  
  30  2:35  Drone  
  30  2:38  Drone  
  30  2:43  Overlord  
  31  2:46  Drone  
  32  2:52  Queen  
  32  2:56  Drone  
  32  2:57  Drone  
  36  3:08  Zergling x8  
  36  3:11  Zergling x4  
  42  3:16  Zergling x4  
  44  3:22  Baneling Nest  
  44  3:25  Overlord  
  43  3:28  Drone  
  44  3:35  Evolution Chamber  
  44  3:36  Zergling x2  
  44  3:45  Drone x7  
  44  3:48  Drone  
  52  3:50  Drone  
  53  3:58  Zergling x2  
  53  3:59  Drone  
  53  4:00  Drone  
  53  4:04  Zerg Missile Weapons Level 1  
  53  4:06  Baneling  
  53  4:10  Extractor  
  53  4:11  Baneling  
  53  4:13  Zergling x6  
  53  4:15  Overlord  
  53  4:16  Drone x2  
  57  4:28  Drone  
  57  4:29  Drone x2  
  58  4:34  Extractor  
  58  4:37  Zergling x8, Roach Warren  
  58  4:38  Zergling x4  
  57  4:45  Baneling  
  52  4:55  Zergling x2  
  52  4:56  Zergling x16  
  52  4:59  Queen  
  59  5:01  Baneling  
  59  5:06  Baneling  
  60  5:17  Queen  
  60  5:19  Lair, Roach x2  
  60  5:21  Baneling  
  63  5:25  Baneling  
  63  5:28  Zergling x6  
  66  5:29  Baneling  
  66  5:35  Overlord  
  66  5:38  Overlord  
  63  5:50  Drone x2  
  63  5:54  Drone x5  
  63  5:55  Overlord  
  63  5:56  Drone  
  69  5:58  Queen x2  
  69  6:00  Baneling x2  
  69  6:03  Roach  
  75  6:05  Roach  
  75  6:06  Baneling x2  
  75  6:07  Roach x2  
  81  6:14  Baneling, Extractor  
  80  6:20  Nydus Network  
  80  6:23  Overlord  
  79  6:28  Roach x3  
  84  6:34  Roach  
  84  6:38  Overlord x2, Baneling  
  86  6:48  Roach x5  
  96  6:58  Nydus Canal  
  96  7:01  Roach x3  
  102  7:05  Overlord x2  
  102  7:08  Roach x2  
  106  7:10  Roach  
  106  7:14  Nydus Canal  
  108  7:19  Roach x2  
  108  7:22  Overlord x2  
  112  7:24  Roach x2  
  112  7:28  Roach  
  118  7:33  Roach  
  118  7:35  Roach  
  122  7:37  Roach x2  
  122  7:41  Roach x2  
  128  7:46  Roach x2  
  131  7:52  Roach x2  
  131  7:53  Roach  
  131  7:55  Roach  
  131  7:57  Zergling x2  
  131  7:58  Zergling x2  
  139  7:59  Zergling x2  
  139  8:09  Nydus Canal  
  139  8:10  Roach  
  139  8:11  Roach x2  
Show
View Real Time Build Order
Export as new Build Order

Reynor Zerg 

Build Orders: Hatch First 

Get SALT Encoding   

  12  0:00  Drone  
  13  0:12  Overlord  
  13  0:17  Drone  
  14  0:30  Drone x2  
  16  0:47  Hatchery  
  15  0:51  Drone  
  15  0:54  Drone  
  17  0:58  Drone  
  18  1:08  Extractor  
  17  1:13  Spawning Pool  
  17  1:15  Drone  
  17  1:19  Drone  
  18  1:27  Drone  
  19  1:38  Drone  
  20  1:48  Overlord  
  20  2:00  Drone x2, Queen x2  
  26  2:10  Drone x2  
  28  2:21  Drone x2  
  30  2:23  Metabolic Boost  
  30  2:31  Drone  
  30  2:33  Hatchery  
  30  2:35  Drone  
  31  2:42  Drone  
  31  2:43  Overlord  
  32  2:51  Evolution Chamber  
  31  2:52  Baneling Nest  
  31  2:53  Zergling x2  
  31  2:55  Zergling x2  
  32  3:04  Zergling x4  
  34  3:06  Queen  
  34  3:08  Drone  
  34  3:11  Drone  
  38  3:16  Hatchery  
  38  3:18  Drone x2  
  40  3:21  Drone  
  40  3:25  Overlord  
  41  3:27  Drone  
  42  3:35  Zergling x2  
  42  3:36  Zergling x2  
  42  3:37  Baneling  
  42  3:39  Baneling  
  44  3:43  Overlord  
  44  3:46  Drone x3  
  47  3:49  Zergling x2  
  48  3:55  Zerg Melee Weapons Level 1  
  48  3:58  Drone x2  
  47  4:08  Zergling x2  
  48  4:10  Zergling x2  
  48  4:13  Overlord  
  48  4:14  Zergling x2  
  48  4:15  Zergling x8  
  54  4:19  Baneling x2  
  54  4:21  Zergling x2  
  53  4:34  Zergling x2  
  53  4:35  Zergling x6  
  57  4:43  Zergling x6  
  60  4:51  Zergling x14  
  60  4:52  Baneling x2  
  65  4:59  Zergling x4  
  64  5:02  Zergling x2  
  62  5:13  Zergling x6  
  61  5:18  Baneling x4  
  61  5:20  Zergling x6  
  64  5:24  Baneling x2  
  64  5:28  Drone x3  
  66  5:33  Zergling x4, Baneling  
  68  5:38  Zergling x12  
  68  5:41  Hatchery  
  59  5:51  Drone x6  
  59  5:55  Extractor  
  59  5:56  Extractor  
  60  5:57  Drone x2, Roach Warren  
  60  6:03  Drone x4  
  66  6:04  Drone x2  
  66  6:07  Lair, Drone  
  68  6:12  Drone  
  68  6:13  Drone  
  68  6:16  Drone x2  
  68  6:17  Drone  
  68  6:18  Overlord  
  73  6:21  Extractor  
  72  6:32  Extractor  
  64  6:33  Extractor  
  64  6:34  Zergling x12  
  64  6:38  Roach x4  
  77  6:41  Baneling  
  77  6:44  Drone  
  77  6:45  Drone x3  
  81  6:51  Overlord  
  81  6:53  Drone  
  82  6:56  Overlord  
  82  6:57  Drone  
  83  7:03  Drone x4  
  83  7:06  Drone  
  88  7:09  Spire  
  88  7:14  Roach x3  
  93  7:17  Zergling x4, Roach  
  97  7:23  Roach  
  97  7:24  Roach x2  
  97  7:28  Overlord  
  103  7:34  Overlord  
  103  7:36  Spine Crawler  
  96  7:44  Roach  
  96  7:47  Roach  
  94  7:53  Zergling x2, Roach x2  
  94  7:54  Zergling x6  
  88  8:00  Zergling x2, Roach  
  88  8:02  Roach  
  88  8:05  Zergling x2, Roach  
  92  8:12  Roach  
  94  8:13  Overlord  
Tags
 
Add a new tag
Caveats
  • Supply blocks, unpowered buildings, or Contaminate may cause inaccurate times.
  • Supply counts are checked every 10 seconds.